[ PARTIDA AOE2 · #495997134 ]
UnrankedLituanos vs Incas
Equipo del jugador · DERR
Equipo rival · VICT
[ ANÁLISIS DE REPETICIÓN · EXTRAÍDO DE LA PARTIDA GRABADA ]
Feudal
8:51
Castillos
21:58
Imperial
—
| APM promedio | 51.6 |
| APM pico | 96 |
| eAPM promedio | 22.4 |
| Aldeanos / militares | 95 / 34 |
Foco
⚔️ 39.7% · 🌾 60.3%
Knight ×19 · Scout Cavalry ×8 · Monk ×7
Feudal
9:15
Castillos
20:17
Imperial
—
| APM promedio | 56.8 |
| APM pico | 96 |
| eAPM promedio | 25.7 |
| Aldeanos / militares | 64 / 42 |
Foco
⚔️ 43.2% · 🌾 56.8%
Unknown (2550) ×96 · Spearman ×21 · Battering Ram ×16 · Monk ×5
Mapa de la partida
Recursos iniciales + cada clic de construcción. Líneas = muros · curvas = relieve. ◆ oro · ⬟ piedra · ● bayas · ✦ reliquia · ◌ hueco del cierre
Tu base· Abierta — hueco de 5t
Base de DecoManzo· Abierta — flanco sin cerrar
Terreno inicial suavizado · ◌ = hueco del cierre detectado · pasá el cursor para detalles
Inputs por minuto
— flxpa21 - - DecoManzo
Build order — flxpa21
Primeras 150 de 236 acciones detectadas
| 0:00 | Encolar | Villager (Male) ×5 |
| 0:02 | Construir | House |
| 0:03 | Construir | House |
| 0:20 | Encolar | Villager (Male) |
| 0:20 | Encolar | Villager (Male) |
| 1:30 | Encolar | Villager (Male) |
| 1:46 | Encolar | Villager (Male) |
| 2:18 | Construir | Lumber Camp |
| 2:20 | Encolar | Villager (Male) |
| 2:50 | Encolar | Villager (Male) |
| 3:00 | Encolar | Villager (Male) |
| 3:48 | Construir | House |
| 4:03 | Encolar | Villager (Male) |
| 4:12 | Encolar | Villager (Male) |
| 4:24 | Encolar | Villager (Male) |
| 4:24 | Encolar | Villager (Male) |
| 4:28 | Investigar | Loom |
| 4:43 | Encolar | Villager (Male) |
| 5:29 | Construir | Barracks |
| 6:12 | Construir | House |
| 6:14 | Construir | Palisade Wall |
| 6:26 | Investigar | Feudal Age |
| 7:38 | Construir | Mill |
| 7:49 | Construir | Palisade Wall |
| 7:51 | Construir | Palisade Wall |
| 7:52 | Construir | Palisade Wall |
| 7:53 | Construir | Palisade Wall |
| 8:22 | Encolar | Villager (Male) |
| 8:32 | Construir | Palisade Wall |
| 8:51 | Edad | Edad Feudal |
| 8:56 | Construir | Stable |
| 9:04 | Investigar | Double-Bit Axe |
| 9:20 | Investigar | Horse Collar |
| 9:27 | Encolar | Villager (Male) |
| 9:27 | Encolar | Villager (Male) |
| 9:35 | Construir | House |
| 9:37 | Construir | Palisade Wall |
| 10:01 | Encolar | Villager (Male) |
| 10:02 | Encolar | Scout Cavalry |
| 10:06 | Construir | House |
| 10:15 | Encolar | Villager (Male) |
| 10:18 | Encolar | Scout Cavalry |
| 10:23 | Construir | Farm |
| 10:34 | Construir | Palisade Wall |
| 10:38 | Construir | Palisade Gate |
| 10:40 | Construir | Palisade Wall |
| 10:40 | Construir | Palisade Wall |
| 10:44 | Encolar | Scout Cavalry |
| 11:08 | Encolar | Scout Cavalry |
| 11:14 | Encolar | Villager (Male) |
| 11:18 | Construir | Farm |
| 11:19 | Construir | Farm |
| 11:27 | Construir | Farm |
| 11:32 | Encolar | Villager (Male) |
| 11:40 | Encolar | Scout Cavalry |
| 11:44 | Construir | Farm |
| 12:00 | Encolar | Villager (Male) |
| 12:06 | Construir | Farm |
| 12:24 | Construir | Farm |
| 12:24 | Encolar | Villager (Male) |
| 12:29 | Construir | House |
| 12:35 | Encolar | Scout Cavalry |
| 12:43 | Construir | Farm |
| 12:51 | Construir | Palisade Wall |
| 12:53 | Construir | Palisade Wall |
| 12:57 | Construir | Palisade Wall |
| 13:08 | Encolar | Villager (Male) |
| 13:11 | Construir | Farm |
| 13:13 | Construir | Farm |
| 13:22 | Encolar | Villager (Male) |
| 13:39 | Encolar | Scout Cavalry |
| 13:43 | Encolar | Villager (Male) |
| 13:54 | Construir | Blacksmith |
| 14:01 | Construir | Blacksmith |
| 14:20 | Construir | Palisade Wall |
| 14:21 | Construir | Palisade Wall |
| 14:31 | Encolar | Villager (Male) |
| 14:32 | Encolar | Scout Cavalry |
| 14:55 | Encolar | Villager (Male) |
| 15:01 | Construir | Mining Camp |
| 15:05 | Encolar | Villager (Male) |
| 15:09 | Construir | Farm |
| 15:12 | Construir | Farm |
| 15:19 | Investigar | Forging |
| 15:26 | Construir | House |
| 16:11 | Encolar | Villager (Male) |
| 16:14 | Construir | Farm |
| 16:16 | Construir | Farm |
| 16:20 | Construir | Palisade Wall |
| 16:39 | Encolar | Villager (Male) |
| 16:44 | Construir | Farm |
| 16:59 | Construir | Farm |
| 17:06 | Construir | House |
| 17:14 | Construir | House |
| 17:15 | Construir | House |
| 17:23 | Construir | Farm |
| 17:28 | Construir | House |
| 17:30 | Encolar | Villager (Male) |
| 17:51 | Construir | Palisade Wall |
| 17:54 | Construir | House |
| 17:58 | Construir | Palisade Wall |
| 18:03 | Investigar | Wheelbarrow |
| 18:12 | Construir | Lumber Camp |
| 18:19 | Construir | Farm |
| 19:05 | Investigar | Castle Age |
| 19:51 | Construir | House |
| 19:58 | Investigar | Bloodlines |
| 20:02 | Investigar | Gold Mining |
| 20:20 | Construir | Stable |
| 20:25 | Investigar | Scale Barding Armor |
| 20:53 | Construir | House |
| 20:56 | Construir | House |
| 21:11 | Encolar | Villager (Male) |
| 21:14 | Construir | House |
| 21:25 | Encolar | Villager (Male) |
| 21:33 | Construir | Palisade Wall |
| 21:34 | Construir | Palisade Wall |
| 21:36 | Construir | Palisade Wall |
| 21:58 | Edad | Edad de los Castillos |
| 22:02 | Encolar | Knight |
| 22:02 | Encolar | Knight |
| 22:43 | Encolar | Villager (Male) |
| 22:43 | Encolar | Villager (Male) |
| 22:47 | Construir | Town Center |
| 22:57 | Encolar | Villager (Male) |
| 22:57 | Encolar | Villager (Male) |
| 22:59 | Construir | Monastery |
| 23:09 | Encolar | Villager (Male) |
| 23:10 | Encolar | Villager (Male) |
| 23:15 | Encolar | Knight |
| 23:16 | Encolar | Knight |
| 23:17 | Encolar | Knight |
| 23:25 | Encolar | Knight |
| 23:36 | Encolar | Monk |
| 23:49 | Encolar | Monk |
| 24:15 | Encolar | Monk |
| 24:22 | Encolar | Villager (Male) |
| 24:23 | Encolar | Villager (Male) |
| 24:43 | Construir | Farm |
| 24:45 | Encolar | Knight |
| 24:46 | Encolar | Knight |
| 25:13 | Encolar | Villager (Male) |
| 25:13 | Encolar | Villager (Male) |
| 25:14 | Encolar | Villager (Male) |
| 25:37 | Encolar | Knight |
| 25:38 | Encolar | Villager (Male) |
| 25:38 | Encolar | Villager (Male) |
| 26:29 | Encolar | Villager (Male) |
| 26:30 | Encolar | Villager (Male) |
| 26:48 | Encolar | Villager (Male) |
Build order — DecoManzo
Primeras 150 de 273 acciones detectadas
| 0:00 | Encolar | Villager (Male) |
| 0:00 | Encolar | Villager (Male) |
| 0:02 | Construir | House |
| 0:09 | Encolar | Villager (Male) |
| 0:34 | Encolar | Villager (Male) |
| 0:34 | Encolar | Villager (Male) |
| 1:11 | Encolar | Villager (Male) |
| 1:55 | Encolar | Villager (Male) |
| 2:24 | Encolar | Villager (Male) |
| 2:24 | Encolar | Villager (Male) |
| 2:36 | Construir | Settlement |
| 2:52 | Encolar | Villager (Male) |
| 2:52 | Encolar | Villager (Male) |
| 3:18 | Encolar | Villager (Male) |
| 3:18 | Encolar | Villager (Male) |
| 4:24 | Encolar | Villager (Male) |
| 4:35 | Encolar | Villager (Male) |
| 4:35 | Encolar | Villager (Male) |
| 4:55 | Encolar | Villager (Male) |
| 4:55 | Encolar | Villager (Male) |
| 5:00 | Investigar | Loom |
| 5:38 | Construir | Barracks |
| 6:36 | Encolar | Unit 2550 |
| 6:52 | Investigar | Feudal Age |
| 6:56 | Construir | Settlement |
| 7:24 | Encolar | Unit 2550 |
| 8:06 | Encolar | Unit 2550 |
| 8:46 | Encolar | Villager (Male) |
| 9:15 | Edad | Edad Feudal |
| 9:17 | Investigar | Tech 1402 |
| 9:19 | Investigar | Double-Bit Axe |
| 9:20 | Encolar | Villager (Male) |
| 9:52 | Encolar | Villager (Male) |
| 9:54 | Construir | Farm |
| 9:55 | Construir | Farm |
| 9:56 | Construir | Farm |
| 10:08 | Encolar | Villager (Male) |
| 10:13 | Construir | Farm |
| 10:15 | Construir | Farm |
| 10:22 | Encolar | Unit 2550 |
| 10:33 | Encolar | Villager (Male) |
| 10:38 | Construir | House |
| 11:01 | Encolar | Villager (Male) |
| 11:02 | Encolar | Unit 2550 |
| 11:10 | Encolar | Spearman |
| 11:23 | Construir | Blacksmith |
| 11:39 | Encolar | Villager (Male) |
| 11:41 | Encolar | Spearman |
| 11:48 | Construir | Farm |
| 12:09 | Investigar | Scale Mail Armor |
| 12:11 | Construir | House |
| 12:22 | Encolar | Villager (Male) |
| 12:23 | Encolar | Villager (Male) |
| 12:27 | Construir | Farm |
| 12:30 | Construir | Farm |
| 12:34 | Encolar | Villager (Male) |
| 12:37 | Construir | Palisade Wall |
| 12:40 | Construir | Palisade Wall |
| 12:44 | Construir | House |
| 13:07 | Encolar | Spearman |
| 13:09 | Encolar | Villager (Male) |
| 13:12 | Construir | Farm |
| 13:19 | Construir | House |
| 13:20 | Encolar | Villager (Male) |
| 13:22 | Construir | House |
| 13:28 | Encolar | Unit 2550 |
| 13:31 | Construir | Farm |
| 13:44 | Construir | Farm |
| 14:06 | Encolar | Villager (Male) |
| 14:06 | Encolar | Villager (Male) |
| 14:08 | Encolar | Unit 2550 |
| 14:27 | Construir | Farm |
| 14:28 | Construir | Farm |
| 14:34 | Construir | House |
| 14:47 | Encolar | Villager (Male) |
| 14:54 | Investigar | Horse Collar |
| 15:18 | Encolar | Villager (Male) |
| 15:51 | Encolar | Villager (Male) |
| 16:03 | Construir | Market |
| 16:08 | Encolar | Unit 2550 |
| 16:16 | Encolar | Villager (Male) |
| 16:40 | Encolar | Unit 2550 |
| 16:43 | Encolar | Villager (Male) |
| 16:58 | Encolar | Unit 2550 |
| 17:00 | Encolar | Villager (Male) |
| 17:05 | Construir | Settlement |
| 17:27 | Construir | Farm |
| 17:37 | Investigar | Castle Age |
| 17:37 | Investigar | Castle Age |
| 18:19 | Construir | Barracks |
| 18:22 | Encolar | Unit 2550 |
| 18:30 | Investigar | Forging |
| 19:02 | Encolar | Unit 2550 |
| 19:04 | Investigar | Arson |
| 19:13 | Encolar | Unit 2550 |
| 19:19 | Construir | Farm |
| 19:38 | Encolar | Unit 2550 |
| 19:53 | Encolar | Villager (Male) |
| 20:17 | Edad | Edad de los Castillos |
| 20:17 | Investigar | Tech 1351 |
| 20:17 | Investigar | Tech 1351 |
| 20:20 | Investigar | Squires |
| 20:28 | Investigar | Chain Mail Armor |
| 20:44 | Encolar | Villager (Male) |
| 21:16 | Encolar | Unit 2550 |
| 21:17 | Encolar | Unit 2550 |
| 21:17 | Encolar | Villager (Male) |
| 21:23 | Encolar | Unit 2550 |
| 21:24 | Construir | Siege Workshop |
| 21:41 | Encolar | Unit 2550 |
| 21:41 | Encolar | Unit 2550 |
| 22:00 | Encolar | Unit 2550 |
| 22:01 | Encolar | Unit 2550 |
| 22:10 | Construir | House |
| 22:12 | Encolar | Unit 2550 |
| 22:12 | Encolar | Unit 2550 |
| 22:17 | Encolar | Villager (Male) |
| 22:17 | Encolar | Villager (Male) |
| 22:24 | Encolar | Battering Ram |
| 22:30 | Encolar | Unit 2550 |
| 22:47 | Encolar | Unit 2550 |
| 22:48 | Encolar | Villager (Male) |
| 22:57 | Construir | Monastery |
| 23:11 | Encolar | Unit 2550 |
| 23:11 | Encolar | Unit 2550 |
| 23:13 | Encolar | Villager (Male) |
| 23:15 | Construir | Farm |
| 23:30 | Encolar | Unit 2550 |
| 23:31 | Encolar | Unit 2550 |
| 23:32 | Encolar | Villager (Male) |
| 23:46 | Encolar | Monk |
| 23:48 | Encolar | Unit 2550 |
| 23:59 | Encolar | Unit 2550 |
| 24:00 | Encolar | Unit 2550 |
| 24:11 | Encolar | Monk |
| 24:12 | Encolar | Unit 2550 |
| 24:12 | Encolar | Unit 2550 |
| 24:14 | Construir | House |
| 24:24 | Encolar | Battering Ram |
| 24:25 | Encolar | Villager (Male) |
| 24:45 | Encolar | Unit 2550 |
| 24:45 | Encolar | Unit 2550 |
| 25:16 | Investigar | Iron Casting |
| 25:23 | Encolar | Battering Ram |
| 25:24 | Encolar | Villager (Male) |
| 25:49 | Encolar | Monk |
| 25:49 | Encolar | Villager (Male) |
| 26:06 | Encolar | Unit 2550 |
| 26:06 | Encolar | Unit 2550 |
| 26:11 | Encolar | Monk |
Cronología de la partida
| 5:29 | flxpa21 · first_building Barracks |
| 5:38 | DecoManzo · first_building Barracks |
| 6:14 | flxpa21 · wall_segment Palisade Wall x3 |
| 7:49 | flxpa21 · wall_segment Palisade Wall x1 |
| 7:51 | flxpa21 · wall_segment Palisade Wall x1 |
| 7:52 | flxpa21 · wall_segment Palisade Wall x1 |
| 7:53 | flxpa21 · wall_segment Palisade Wall x6 |
| 8:32 | flxpa21 · wall_segment Palisade Wall x6 |
| 8:51 | flxpa21 · age_up feudal |
| 8:56 | flxpa21 · first_building Stable |
| 9:15 | DecoManzo · age_up feudal |
| 9:37 | flxpa21 · wall_segment Palisade Wall x1 |
| 10:34 | flxpa21 · wall_segment Palisade Wall x1 |
| 10:40 | flxpa21 · wall_segment Palisade Wall x1 |
| 10:40 | flxpa21 · wall_segment Palisade Wall x1 |
| 12:37 | DecoManzo · wall_segment Palisade Wall x1 |
| 12:40 | DecoManzo · wall_segment Palisade Wall x1 |
| 12:51 | flxpa21 · wall_segment Palisade Wall x1 |
| 12:53 | flxpa21 · wall_segment Palisade Wall x1 |
| 12:57 | flxpa21 · wall_segment Palisade Wall x1 |
| 14:20 | flxpa21 · wall_segment Palisade Wall x1 |
| 14:21 | flxpa21 · wall_segment Palisade Wall x1 |
| 16:20 | flxpa21 · wall_segment Palisade Wall x1 |
| 17:07 | DecoManzo · first_market_sell 100 stone |
| 17:08 | DecoManzo · first_market_buy 100 food |
| 17:51 | flxpa21 · wall_segment Palisade Wall x1 |
| 17:58 | flxpa21 · wall_segment Palisade Wall x1 |
| 20:17 | DecoManzo · age_up castle |
| 21:24 | DecoManzo · first_building Siege Workshop |
| 21:33 | flxpa21 · wall_segment Palisade Wall x1 |
| 21:34 | flxpa21 · wall_segment Palisade Wall x1 |
| 21:36 | flxpa21 · wall_segment Palisade Wall x1 |
| 21:58 | flxpa21 · age_up castle |
| 22:57 | DecoManzo · first_building Monastery |
| 22:59 | flxpa21 · first_building Monastery |
| 34:56 | flxpa21 · first_building Castle |
| 39:46 | flxpa21 · resign |
[ ANÁLISIS IA · 1 CRÉDITO ]
¿Qué pasó realmente en esta partida?
Wolo.gg analiza cada decisión: build order, eco, micro, errores típicos por bracket. Análisis personalizado por WhatsApp o Discord en 30 segundos.
Guía civ
Lituanos
Perfil
Jugador #23543003